 Dungeon Crawl Stone Soup version 0.18.1-50-g88ac8fd (webtiles) character file.

32 Fiskpinne the Sneak (level 3, 0/19 HPs)
             Began as a Kobold Enchanter on Sept 29, 2016.
             Succumbed to a hobgoblin's poison
             ... on level 1 of the Dungeon.
             The game lasted 00:04:35 (1213 turns).

Fiskpinne the Sneak (Kobold Enchanter)              Turns: 1213, Time: 00:04:36

Health: 0/19       AC:  3    Str:  6    XL:     3   Next: 42%
Magic:  6/6        EV: 15    Int: 14    God:
Gold:   41         SH:  0    Dex: 16    Spells: 3 memorised, 0 levels left

rFire  . . .     SeeInvis .     a - +1 dagger
rCold  . . .     Gourm    .     b - +1 robe
rNeg   . . .     Faith    .     (shield restricted)
rPois  .         Spirit   .     (no helmet)
rElec  .         Dismiss  .     (no cloak)
rCorr  .         Reflect  .     (no gloves)
SustAt .         Harm     .     (no boots)
MR     .....                    (no amulet)
Stlth  +++.......               (no ring)
                                (no ring)

@: lethally poisoned (0 -> -5), not resistant to hostile enchantments, fairly
stealthy
A: carnivore 3
a: no special abilities


You were on level 1 of the Dungeon.
You were completely stuffed.

You visited 1 branch of the dungeon, and saw 1 of its levels.

You collected 41 gold pieces.

Inventory:

Hand Weapons
 a - a +1 dagger (weapon)
 e - a cursed -2 hunting sling
Armour
 b - a +1 robe (worn)
Scrolls
 f - a scroll of remove curse
 h - a scroll of fear {unknown}
 i - a scroll of magic mapping {unknown}
 j - a scroll of identify {unknown}
 k - a scroll of immolation {unknown}
Books
 c - a book of Maledictions

   Spells                             Type                      Level
   a - Corona                         Hexes                        1
   b - Ensorcelled Hibernation        Hexes/Ice                    2
   c - Confuse                        Hexes                        3
   d - Tukima's Dance                 Hexes                        3
   e - Dazzling Spray                 Conjuration/Hexes            3
Comestibles
 d - a meat ration


   Skills:
 + Level 2.4 Short Blades
 - Level 2.4 Dodging
 - Level 4.0 Stealth
 - Level 2.0 Spellcasting
 * Level 3.9 Hexes


You couldn't memorise any spells.
You knew the following spells:

 Your Spells              Type           Power        Failure   Level  Hunger
a - Corona                Hex            ##.....      6%          1    ##.....
b - Ensorcelled Hibernat  Hex/Ice        #.....       21%         2    ###....
c - Tukima's Dance        Hex            ##......     17%         3    ####...


Dungeon Overview and Level Annotations

Branches:
Dungeon (1/15)

Altars:


Innate Abilities, Weirdness & Mutations

You are small and have problems with some larger weapons.
You are carnivorous and can eat meat at any time.


Message History

You butcher the hobgoblin corpse.
* * * LOW HITPOINT WARNING * * *
You feel sick.
Items here: $ % ( ) a club; 5 poisoned tomahawks; 14 gold pieces; 2 chunks of flesh
Things that are here:
a chunk of flesh; a bat skeleton
* * * LOW HITPOINT WARNING * * *
You feel sick.
You see here 2 poisoned tomahawks.
You see here a poisoned tomahawk.
* * * LOW HITPOINT WARNING * * *
You feel sick.
As you read the scroll labeled HAFRIACWASM, it crumbles to dust.
You feel blessed for a moment.
It was a scroll of remove curse.
* * * LOW HITPOINT WARNING * * *
You feel sick.
* * * LOW HITPOINT WARNING * * *
You feel sick.
You die...

#.##.........# #
#............# #
#............# #
#.........†..# ########
#............# #......#
#....##.....## #......###
#....##.....# #.........
########.....########.........
...............@...((%........
#####################.).......
###....... ....... .......
....... ...#### ...# ...#


There were no monsters in sight!

Vanquished Creatures
  A dart slug (D:1)
  4 giant cockroaches (D:1)
  2 goblins (D:1)
  6 hobgoblins (D:1)
  2 jackals (D:1)
  2 kobolds (D:1)
  3 bats (D:1)
  3 giant newts (D:1)
  3 rats (D:1)
26 creatures vanquished.

Notes
Turn   | Place    | Note
--------------------------------------------------------------
     0 | D:1      | Fiskpinne the Kobold Enchanter began the quest for the Orb.
     0 | D:1      | Reached XP level 1. HP: 10/10 MP: 3/3
   160 | D:1      | Reached XP level 2. HP: 15/15 MP: 5/5
   636 | D:1      | Reached XP level 3. HP: 5/19 MP: 4/6
   858 | D:1      | Learned a level 2 spell: Ensorcelled Hibernation
   862 | D:1      | Learned a level 3 spell: Tukima's Dance
  1213 | D:1      | Succumbed to a hobgoblin's poison

Skill      XL: |  1  2 |
---------------+-------+-----
Short Blades   | 2 |  2.4
Dodging        | |  2.4
Stealth        | |  4.0
Spellcasting   | |  2.0
Hexes          | |  3.9

Action                   || total
-------------------------++-------
Melee: Dagger            ||   116
 Cast: Corona            ||     2
       Ensorcelled Hiber ||     3
  Use: Potion            ||     1
       Scroll            ||     1
 Stab: Sleeping          ||     7
  Eat: Chunk             ||    10
Armor: Robe              ||    24
Dodge: Dodged            ||    87
